[Event "December 19 Late 2023"]
[Site "https://www.chess.com"]
[Date "2023.12.19"]
[Round "5"]
[White "Dourerassou, Jonathan"]
[Black "Ambartsumova, Karina"]
[Result "1-0"]
[Board "34"]
[TimeControl "180+1"]
[WhiteFideId "628050"]
[BlackFideId "4166299"]
[WhiteElo "2499"]
[BlackElo "2240"]
[WhiteTeam "FRA"]
[BlackTeam "RUS"]
[WhiteClock "0:00:16"]
[BlackClock "0:00:03"]

1. d4 Nf6 2. Bg5 e6 3. e4 h6 4. Bxf6 Qxf6 5. Nc3 b6 6. e5 Qe7 7. Qf3 Nc6 8. Nb5 Qd8 9. O-O-O Bb7 10. Nh3 Be7 11. Bd3 a6 12. Nc3 b5 13. Qg3 Kf8 14. d5 Nb4 15. Be4 exd5 16. Nxd5 Nxa2+ 17. Kb1 Nb4 18. Nhf4 Nxd5 19. Nxd5 a5 20. Rhe1 Ra6 21. Nf6 Bc8 22. Nh5 g6 23. Nf4 Kg7 24. e6 Bg5 25. exd7 Bxd7 26. Nd3 Rd6 27. Nc5 Bc8 28. Bf3 Re8 29. Ne4 Rxd1+ 30. Rxd1 Qe7 31. Nc3 b4 32. Nd5 Qe5 33. Nxc7 Qxg3 34. Nxe8+ Kf8 35. hxg3 Kxe8 36. Rd5 Bd8 37. Re5+ Kd7 38. Bg4+ Kd6 39. Re8 Bxg4 40. Rxd8+ Kc5 41. f3 Be6 42. Kc1 h5 43. Kd2 a4 44. Ra8 Kb5 45. c3 bxc3+ 46. Kxc3 Bb3 47. Rd8 Kc5 48. Rd4 Kc6 49. Rb4 Bd1 50. Kd4 Kd6 51. Rb6+ Ke7 52. Ke5 Bb3 53. Rb7+ Kd8 54. Kf6 Ke8 55. Re7+ Kf8 56. Re5 Kg8 57. Re8+ Kh7 58. Rf8 Kh6 59. Rh8# 1-0

[Event "December 19 Late 2023"]
[Site "https://www.chess.com"]
[Date "2023.12.19"]
[Round "5"]
[White "Troff, Kayden"]
[Black "Pulpan, Jakub"]
[Result "0-1"]
[Board "35"]
[TimeControl "180+1"]
[WhiteFideId "2047896"]
[BlackFideId "302759"]
[WhiteElo "2544"]
[BlackElo "2501"]
[WhiteTeam "USA"]
[BlackTeam "CZE"]
[WhiteClock "0:00:18"]
[BlackClock "0:00:10"]

1. d4 Nf6 2. Nf3 d5 3. Bf4 c5 4. e3 Nc6 5. Nc3 Nh5 6. Be5 f6 7. Bg3 Nxg3 8. hxg3 cxd4 9. Nxd4 e5 10. Nb3 Be6 11. Bd3 Qd7 12. Bg6+ hxg6 13. Rxh8 O-O-O 14. Qd2 d4 15. exd4 exd4 16. Ne2 d3 17. Qxd3 Bb4+ 18. Nc3 Rxh8 19. O-O-O Qxd3 20. Rxd3 Bxb3 21. axb3 Bxc3 22. bxc3 Rh2 23. Kd1 Rxg2 24. Ke1 Rh2 25. b4 Rh8 26. b5 Ne5 27. Re3 Re8 28. Kf1 Kd8 29. Re4 Nd7 30. Ra4 Re5 31. c4 Rc5 32. Rxa7 Rxc4 33. Rxb7 Rxc2 34. Ra7 Rb2 35. Ra5 Kc7 36. Ra7+ Kd6 37. Ra6+ Kc7 38. Ra7+ Kc8 39. Ra8+ Kb7 40. Rg8 Rxb5 41. Rxg7 Kc7 42. Rxg6 Kd6 43. Kg2 Ke6 44. Rg7 Ne5 45. Ra7 Rb2 46. Ra3 Kf5 47. Re3 Ng4 48. Rf3+ Kg5 49. Rf4 f5 50. Rf3 Ne5 51. Re3 Kf6 52. Rc3 Ng4 53. Rf3 Ke5 54. Kg1 Nf6 55. Kg2 Nd5 56. Kg1 Rc2 57. Ra3 Nc3 58. Kg2 Ke4 59. Ra8 Ke5 60. Re8+ Kf6 61. Re3 Ne4 62. Rf3 Ng5 63. Rf4 Ne6 64. Rf3 Kg5 65. Re3 Nd4 66. Rd3 Nb5 67. Kg1 Nc7 68. Rd6 Kg4 69. Kg2 Kg5 70. Rd7 Ne6 71. Rd6 Kf6 72. Kg1 Ke5 73. Rd3 Ng5 74. Ra3 Nh3+ 75. Kg2 Nxf2 76. Kf3 Ne4 77. Ra5+ Rc5 78. Ra8 Rc3+ 79. Ke2 Nxg3+ 80. Kd2 Ne4+ 81. Ke2 Kf4 82. Ra4 Rc2+ 83. Kf1 Rb2 84. Ra3 Nd2+ 85. Ke1 Nf3+ 86. Kd1 Ng5 87. Kc1 Rg2 88. Kd1 Nf3 89. Ra4+ Kg3 90. Ra8 f4 91. Rg8+ Kf2 92. Re8 Rg5 93. Re2+ Kg3 94. Ra2 Rd5+ 95. Kc1 Rd2 96. Ra8 Re2 97. Rg8+ Kf2 98. Kd1 Rd2+ 99. Kc1 Rd4 100. Kc2 Ne5 101. Kc3 Rd3+ 102. Kc2 f3 103. Re8 Re3 104. Kd1 Re1+ 105. Kc2 Re2+ 106. Kd1 Kf1 107. Rh8 Re4 108. Kd2 f2 109. Rg8 Rg4 110. Rf8 Kg2 111. Ke3 f1=Q 112. Rxf1 Kxf1 0-1

[Event "December 19 Late 2023"]
[Site "https://www.chess.com"]
[Date "2023.12.19"]
[Round "5"]
[White "Rustemov, Alexander"]
[Black "Colbow, Collin"]
[Result "0-1"]
[Board "36"]
[TimeControl "180+1"]
[WhiteFideId "4119002"]
[BlackFideId "16201132"]
[WhiteElo "2801"]
[BlackElo "2321"]
[WhiteTeam "RUS"]
[BlackTeam "GER"]
[WhiteClock "0:00:17"]
[BlackClock "0:00:09"]

1. d4 Nf6 2. c4 e6 3. Nf3 Bb4+ 4. Bd2 c5 5. Bxb4 cxb4 6. g3 O-O 7. Bg2 d6 8. O-O Nc6 9. Qd3 a5 10. Nbd2 Re8 11. e4 e5 12. a3 Bg4 13. d5 Ne7 14. axb4 axb4 15. Rxa8 Qxa8 16. Ne1 Qa2 17. h3 Bd7 18. Qb3 Qxb3 19. Nxb3 Rc8 20. Nd2 b5 21. b3 bxc4 22. bxc4 Ba4 23. Nd3 Rb8 24. Rb1 Nd7 25. Rxb4 Rxb4 26. Nxb4 Nc8 27. Bf1 Ncb6 28. f4 f6 29. Kf2 Kf7 30. Ke3 Nc5 31. Nd3 Nxd3 32. Bxd3 Ke7 33. h4 Kd7 34. Nf1 Kc7 35. Kd2 h6 36. Ne3 Bd7 37. Bc2 Bh3 38. Kc3 Nd7 39. f5 Kb6 40. Kb4 Nc5 41. g4 Na6+ 42. Kc3 Kc5 43. Bd1 Nb4 44. Be2 Na2+ 45. Kb3 Nc1+ 46. Kc3 Nxe2+ 47. Kd3 Nf4+ 48. Kc3 Bg2 49. g5 hxg5 50. hxg5 Bxe4 51. gxf6 gxf6 52. Ng4 Nh5 53. Nh6 Bb1 54. Kb2 Bd3 55. Kc3 Bxc4 56. Kd2 Bxd5 57. Ke3 Ba2 58. Kf3 Bb1 59. Kg4 Ng7 60. Ng8 Bxf5+ 61. Kf3 Ne8 62. Ne7 Be6 63. Ke4 d5+ 64. Ke3 d4+ 65. Ke4 Nd6+ 66. Kf3 Bd5+ 67. Kg4 e4 68. Kf4 d3 69. Ke3 Nc4+ 70. Kf2 Be6 71. Ng6 Kd4 72. Nf4 e3+ 73. Kf3 Bd5+ 74. Kg3 d2 75. Nh5 d1=Q 76. Nxf6 Qf3+ 77. Kh4 Qxf6+ 78. Kh5 Bf3# 0-1

[Event "December 19 Late 2023"]
[Site "https://www.chess.com"]
[Date "2023.12.19"]
[Round "5"]
[White "Wieczorek, Oskar"]
[Black "Sabuk, Piotr"]
[Result "0-1"]
[Board "37"]
[TimeControl "180+1"]
[WhiteFideId "1133950"]
[BlackFideId "1137565"]
[WhiteElo "2407"]
[BlackElo "2276"]
[WhiteTeam "POL"]
[BlackTeam "POL"]
[WhiteClock "0:00:07"]
[BlackClock "0:00:11"]

1. e4 e5 2. Nc3 Nf6 3. Nf3 Nc6 4. h3 g6 5. Bc4 Bg7 6. d3 d6 7. a4 O-O 8. O-O Be6 9. Bxe6 fxe6 10. a5 a6 11. Be3 Nh5 12. Ne2 Rxf3 13. gxf3 Qh4 14. Kh2 Nd4 15. Ng1 Nf4 16. c3 Nde2 17. Bxf4 Nxf4 18. Qb3 Rf8 19. Qxb7 Rf6 20. Qc8+ Bf8 21. Ra4 g5 22. Rb4 Nxh3 23. Nxh3 Rh6 24. Qxe6+ Rxe6 25. Rg1 Rh6 26. Rg3 Kf7 27. Rb7 Be7 28. Rxc7 Qf4 29. Kg2 Qd2 30. Nxg5+ Ke8 31. Nh3 Rg6 32. Rxg6 hxg6 33. b4 Qxd3 34. Ng1 Kd8 35. Ra7 Bh4 36. Nh3 Kc8 37. Rh7 g5 38. Ra7 Kb8 39. Rd7 Qxc3 40. Rxd6 Ka7 41. Rd7+ Ka8 42. Rd6 Kb7 43. Rd7+ Kc6 44. Ra7 Kb5 45. Rb7+ Ka4 46. Rb6 Qc4 47. Ng1 Qd3 48. Nh3 Qe2 49. Ng1 Qxf2+ 50. Kh3 Qg3# 0-1

[Event "December 19 Late 2023"]
[Site "https://www.chess.com"]
[Date "2023.12.19"]
[Round "5"]
[White "Ferreira, Vitor Hugo Vieira"]
[Black "Seemann, Jakub"]
[Result "0-1"]
[Board "38"]
[TimeControl "180+1"]
[WhiteFideId "2119765"]
[BlackFideId "21874697"]
[WhiteElo "2123"]
[BlackElo "2332"]
[WhiteTeam "BRA"]
[BlackTeam "POL"]
[WhiteClock "0:00:00"]
[BlackClock "0:00:04"]

1. c4 Nf6 2. g3 g6 3. Bg2 Bg7 4. Nc3 O-O 5. d4 d6 6. h3 Nc6 7. Nf3 e5 8. Be3 Re8 9. dxe5 dxe5 10. Rc1 Be6 11. Qxd8 Raxd8 12. b3 h6 13. O-O a6 14. Rfd1 Bf8 15. Rxd8 Rxd8 16. Rd1 Rxd1+ 17. Nxd1 Bb4 18. Bxh6 Bf5 19. Bd2 a5 20. Nc3 Nd4 21. Kf1 Nxf3 22. exf3 Nd7 23. Ke2 c6 24. Ne4 Kf8 25. Bxb4+ axb4 26. Nd6 Bb1 27. Nxb7 Bxa2 28. Na5 c5 29. Kd2 Bb1 30. Bf1 Bf5 31. g4 Be6 32. h4 e4 33. fxe4 Bxg4 34. f4 Ke7 35. Ke3 Nf8 36. Nb7 Ne6 37. Bg2 Bd1 38. Na5 Nd4 39. f5 Bxb3 40. Nb7 Bxc4 41. Nxc5 b3 42. Na4 Nb5 43. Kd2 gxf5 44. exf5 Kf6 45. Bc6 Kxf5 46. h5 Kg5 47. Bf3 f5 0-1

[Event "December 19 Late 2023"]
[Site "https://www.chess.com"]
[Date "2023.12.19"]
[Round "5"]
[White "Ghasi, Ameet K"]
[Black "Lin, Bryan Enming"]
[Result "1/2-1/2"]
[Board "39"]
[TimeControl "180+1"]
[WhiteFideId "409200"]
[BlackFideId "30987121"]
[WhiteElo "2558"]
[BlackElo "2562"]
[WhiteTeam "ENG"]
[BlackTeam "USA"]
[WhiteClock "0:00:14"]
[BlackClock "0:00:20"]

1. c4 Nf6 2. Nf3 g6 3. g3 Bg7 4. Bg2 O-O 5. O-O d6 6. d4 Nc6 7. Nc3 Bg4 8. Be3 Nd7 9. Qd2 e5 10. dxe5 Bxf3 11. exf3 Ndxe5 12. b3 Re8 13. Rac1 Nb4 14. a3 Nbd3 15. Rcd1 Nc5 16. Qc2 Qc8 17. h3 Nc6 18. b4 Ne6 19. Nd5 a5 20. b5 Ne5 21. f4 Nd7 22. f5 Nec5 23. Rfe1 Qd8 24. g4 Rc8 25. g5 c6 26. Nc3 Rxe3 27. Rxe3 Qxg5 28. bxc6 bxc6 29. Rxd6 Ne5 30. fxg6 hxg6 31. Qe2 Rb8 32. Rd1 Qf4 33. Kf1 Nxc4 34. Rf3 Qh4 35. Rc1 Rb2 36. Rc2 Rxc2 37. Qxc2 Qd4 38. Kg1 Nd2 39. Re3 Nc4 40. Rf3 Nxa3 41. Qe2 Qd7 42. Qe3 Bd4 43. Qf4 Ne6 44. Qg4 Nc2 45. Ne4 Ne1 46. Rg3 Nd3 47. h4 Ne5 48. Qe2 Qe7 49. h5 Nf4 50. Qd2 Nxh5 51. Qxd4 Nxg3 52. fxg3 f6 53. Qc5 Qxc5+ 54. Nxc5 Kf8 55. Kf2 Ke7 56. Ke3 Kd6 57. Nb7+ Kc7 58. Nxa5 Kd6 59. Nb3 c5 60. Nd2 f5 61. Kf4 Ke6 62. Kg5 Kf7 63. Bd5+ Kg7 64. Kf4 Kf6 65. Ke3 g5 66. Bg2 Ng6 67. Kf3 Ne5+ 68. Kf2 Ke6 69. Bf1 Kd5 70. Bg2+ Kd4 71. Nf3+ Nxf3 72. Bxf3 Ke5 73. Ke2 g4 74. Bb7 f4 75. gxf4+ Kxf4 76. Kf2 c4 77. Ba6 c3 78. Bd3 g3+ 79. Kg2 Ke3 80. Bc2 Kf4 81. Bg6 Kg5 82. Bc2 Kf4 83. Bb1 Ke3 84. Bc2 Kd2 85. Bf5 c2 86. Bxc2 Kxc2 87. Kxg3 1/2-1/2

[Event "December 19 Late 2023"]
[Site "https://www.chess.com"]
[Date "2023.12.19"]
[Round "5"]
[White "Dyachuk, Artem"]
[Black "Korchynskyi, Mykola"]
[Result "0-1"]
[Board "40"]
[TimeControl "180+1"]
[WhiteFideId "34107924"]
[BlackFideId "34138005"]
[WhiteElo "2244"]
[BlackElo "2007"]
[WhiteTeam "UKR"]
[BlackTeam "UKR"]
[WhiteClock "0:00:00"]
[BlackClock "0:00:22"]

1. e4 e6 2. d4 d5 3. Nc3 Bb4 4. e5 c5 5. a3 Bxc3+ 6. bxc3 Ne7 7. Qg4 Qc7 8. Qxg7 Rg8 9. Qxh7 cxd4 10. Qd3 dxc3 11. Ne2 Nbc6 12. Qxc3 Bd7 13. f4 O-O-O 14. Ng3 d4 15. Qf3 Nd5 16. Ne4 Kb8 17. Rb1 Bc8 18. Bd2 Nce7 19. Nd6 Ng6 20. Qe4 Nh4 21. g3 Nf5 22. Nxf5 exf5 23. Qd3 Nc3 24. Rb4 Ne4 25. Bg2 Be6 26. Bc1 a5 27. Rb2 Bc4 28. Qd1 d3 29. cxd3 Rxd3 30. Qc2 Rc3 31. Qb1 Rd8 32. Bxe4 fxe4 33. Bd2 Rf3 34. Qc1 Qc5 0-1

[Event "December 19 Late 2023"]
[Site "https://www.chess.com"]
[Date "2023.12.19"]
[Round "5"]
[White "D`Arruda, Ricardo D."]
[Black "Ang, Ern Jie Anderson"]
[Result "1/2-1/2"]
[Board "41"]
[TimeControl "180+1"]
[WhiteFideId "100692"]
[BlackFideId "5736200"]
[WhiteElo "2547"]
[BlackElo "1941"]
[WhiteTeam "ARG"]
[BlackTeam "MAS"]
[WhiteClock "0:00:21"]
[BlackClock "0:00:22"]

1. d4 d5 2. Nf3 Nf6 3. c4 c6 4. e3 Bf5 5. Bd3 Bxd3 6. Qxd3 e6 7. Nc3 Nbd7 8. O-O Be7 9. e4 dxe4 10. Nxe4 O-O 11. b3 c5 12. Bb2 cxd4 13. Nxd4 Nxe4 14. Qxe4 Nc5 15. Qe2 Bf6 16. Rad1 Qb6 17. g3 Rfd8 18. Nb5 Bxb2 19. Qxb2 a6 20. Nc3 Qb4 21. Kg2 h6 22. Rxd8+ Rxd8 23. Rd1 Rxd1 24. Nxd1 Qe1 25. Qd4 Ne4 26. Qe3 Qxd1 27. Qxe4 Qd7 28. h4 h5 29. c5 Kf8 30. b4 Ke7 31. Qe5 Qc6+ 32. Kg1 Qf3 33. a4 g6 34. b5 Qd1+ 35. Kh2 Qxa4 36. Qc7+ Kf6 37. c6 bxc6 38. bxc6 Qd4 39. Kg2 Qe4+ 40. Kg1 Qe1+ 41. Kg2 Qe4+ 42. Kh2 Qd4 43. Kg2 Qe4+ 1/2-1/2

[Event "December 19 Late 2023"]
[Site "https://www.chess.com"]
[Date "2023.12.19"]
[Round "5"]
[White "Apoorv Kamble"]
[Black "Rogov, Matfey"]
[Result "1-0"]
[Board "42"]
[TimeControl "180+1"]
[WhiteFideId "25683012"]
[BlackFideId "44191308"]
[WhiteElo "1940"]
[BlackElo "2057"]
[WhiteTeam "IND"]
[BlackTeam "RUS"]
[WhiteClock "0:00:22"]
[BlackClock "0:00:04"]

1. e4 e5 2. Nf3 Nc6 3. Bc4 Nf6 4. d3 Bc5 5. c3 d6 6. Nbd2 a5 7. h3 O-O 8. Nf1 Be6 9. Bb3 d5 10. Qe2 dxe4 11. dxe4 a4 12. Bxe6 fxe6 13. Ng3 Qe8 14. O-O Nh5 15. Nxh5 Qxh5 16. Qc4 Qg6 17. Ng5 Bb6 18. Nxe6 Qf7 19. Qd5 Ra5 20. Ng5 Qxd5 21. exd5 Rxd5 22. Ne4 Rfd8 23. Bg5 R8d7 24. Rfe1 h6 25. Be3 Bxe3 26. Rxe3 Rd3 27. Rxd3 Rxd3 28. Re1 b6 29. Kf1 Na5 30. Ke2 Rd5 31. f3 Nc4 32. b3 Nd6 33. c4 Rd4 34. Nc3 axb3 35. axb3 e4 36. fxe4 c5 37. Ke3 Kf7 38. Ra1 Ke6 39. Ra7 g5 40. g3 h5 41. h4 gxh4 42. gxh4 Ke5 43. Re7+ Kf6 44. Rh7 b5 45. cxb5 Rb4 46. Nd5+ Kg6 47. Nxb4 Kxh7 48. Nd3 Nxb5 49. Nxc5 Kg6 50. Kf4 Kf6 51. e5+ Kg6 52. b4 Nd4 53. Ne4 Ne6+ 54. Ke3 Nc7 55. Kd4 Kf5 56. Ng3+ Kg4 57. Nxh5 Kxh5 58. Kc5 Kxh4 59. Kd6 Nb5+ 60. Kd7 Kg5 61. e6 Nc3 62. e7 Nd5 63. e8=Q Nf6+ 64. Ke7 Nxe8 65. Kxe8 Kf5 66. Kd7 Ke5 67. b5 Kd5 68. b6 1-0

[Event "December 19 Late 2023"]
[Site "https://www.chess.com"]
[Date "2023.12.19"]
[Round "5"]
[White "Rastbod, Ali"]
[Black "Vafin, Ayrat"]
[Result "1-0"]
[Board "43"]
[TimeControl "180+1"]
[WhiteFideId "12567477"]
[BlackFideId "4146530"]
[WhiteElo "2209"]
[BlackElo "2317"]
[WhiteTeam "IRI"]
[BlackTeam "RUS"]
[WhiteClock "0:00:23"]
[BlackClock "0:00:02"]

1. d4 d5 2. Bf4 Nf6 3. e3 c5 4. c3 Nc6 5. Nd2 g6 6. Ngf3 Bg7 7. dxc5 O-O 8. h3 a5 9. a4 Re8 10. Bb5 h6 11. O-O Bf5 12. Ne5 Rc8 13. Nxc6 bxc6 14. Ba6 e5 15. Bxc8 Bxc8 16. Bh2 Ba6 17. Re1 Nd7 18. b4 e4 19. Rb1 Bxc3 20. b5 Bb7 21. Nb3 Bxe1 22. Qxe1 cxb5 23. axb5 a4 24. c6 axb3 25. cxb7 Qb6 26. Rxb3 Qxb7 27. Rb1 Nb6 28. Qb4 Qc8 29. Bg3 Qc4 30. Qd6 Re6 31. Qb8+ Kg7 32. Be5+ f6 33. Bd4 Qc8 34. Qxc8 Nxc8 35. b6 Nd6 36. b7 Nxb7 37. Rxb7+ Kg8 38. Rb6 Rxb6 39. Bxb6 Kf7 40. Bd4 Ke6 41. Kf1 h5 42. Ke2 Kf5 43. f3 exf3+ 44. Kxf3 h4 45. g3 hxg3 46. Kxg3 g5 47. Kf3 Kg6 48. Kg3 Kf5 49. Ba1 Kg6 50. Kg4 f5+ 51. Kg3 Kh5 52. Bf6 Kg6 53. Bd8 Kh5 54. Kf3 Kg6 55. Ke2 f4 56. exf4 gxf4 57. Kf3 Kf5 58. Bc7 d4 59. Bxf4 d3 60. Bd2 Kg6 61. Kg4 1-0

[Event "December 19 Late 2023"]
[Site "https://www.chess.com"]
[Date "2023.12.19"]
[Round "5"]
[White "mightysmasher"]
[Black "Poormosavi, Seyed Kian"]
[Result "0-1"]
[Board "44"]
[TimeControl "180+1"]
[BlackFideId "12585807"]
[WhiteElo "2519"]
[BlackElo "2296"]
[BlackTeam "IRI"]
[WhiteClock "0:00:12"]
[BlackClock "0:00:37"]

1. e4 c6 2. d4 d5 3. Nd2 dxe4 4. Nxe4 Nf6 5. Nxf6+ exf6 6. c3 Bf5 7. Bd3 Bxd3 8. Qxd3 Bd6 9. Ne2 O-O 10. O-O Re8 11. Ng3 Na6 12. Be3 g6 13. Rfe1 f5 14. Bd2 Qd7 15. h3 Nc7 16. Ne2 Ne6 17. a3 Rad8 18. Qf3 Bc7 19. Ng3 Qd6 20. Rad1 h5 21. b4 Re7 22. Nf1 Rde8 23. Kh1 a5 24. g3 a4 25. Kg2 Bb8 26. h4 Qd5 27. Qxd5 cxd5 28. Ne3 Rd7 29. Nc2 Rc8 30. Re2 f4 31. Rde1 fxg3 32. fxg3 Bd6 33. Ne3 Nc7 34. c4 dxc4 35. Nxc4 Nd5 36. Re8+ Rxe8 37. Rxe8+ Kg7 38. Nxd6 Rxd6 39. Ra8 Rc6 40. Kf3 b5 41. Ra5 Nc7 42. Bf4 Rc3+ 43. Ke4 Ne8 44. d5 Rxa3 45. Be5+ f6 46. Bd4 Rxg3 47. Rxb5 Rg4+ 48. Kd3 Rxh4 49. Rb7+ Kh6 50. Re7 Nd6 51. Bxf6 Rxb4 52. Bg7+ Kg5 53. Re5+ Kg4 54. Re6 Rb3+ 55. Kc2 Nf5 56. Rxg6+ Kf4 57. Bc3 Rb7 58. d6 a3 59. Bd2+ Ke4 60. Bc3 h4 61. Rg4+ Kf3 62. Ra4 h3 63. Rxa3 Kg2 64. Kd3 h2 65. Ra2+ Kh3 66. Ra1 Ng3 67. Kc4 Rd7 68. Kc5 Ne4+ 69. Kc6 Rxd6+ 70. Kc7 Rg6 71. Be5 Rg1 72. Ra3+ Ng3 73. Bxg3 Rxg3 74. Ra8 h1=Q 75. Rh8+ Kg2 76. Rxh1 Kxh1 77. Kd6 Kg2 78. Ke5 Rf3 79. Ke4 Kg3 80. Ke5 Rf4 81. Kd5 Kg4 82. Ke5 Kg5 83. Kd5 Kf5 84. Kc5 Re4 85. Kd5 Kf4 86. Kd6 Re5 87. Kc6 Ke4 88. Kd6 Kd4 89. Kc6 Rd5 90. Kb6 Rc5 91. Kb7 Kd5 92. Kb6 Kd6 93. Kb7 Rc6 94. Ka7 Kc7 95. Ka8 Ra6# 0-1

[Event "December 19 Late 2023"]
[Site "https://www.chess.com"]
[Date "2023.12.19"]
[Round "5"]
[White "Kazmaier, Daniel"]
[Black "Zeynalli, Rashad"]
[Result "1-0"]
[Board "45"]
[TimeControl "180+1"]
[WhiteFideId "2606089"]
[BlackFideId "13403320"]
[WhiteElo "2471"]
[BlackElo "2088"]
[WhiteTeam "CAN"]
[BlackTeam "AZE"]
[WhiteClock "0:00:11"]
[BlackClock "0:00:02"]

1. d4 Nf6 2. Bg5 Ne4 3. Bf4 c5 4. f3 Nf6 5. c3 Qb6 6. Qb3 cxd4 7. Qxb6 axb6 8. Bxb8 dxc3 9. Nxc3 Rxb8 10. e4 e5 11. Bb5 Bc5 12. O-O-O O-O 13. Nge2 d6 14. Rd3 Be6 15. a3 Rfc8 16. Kc2 d5 17. b4 Be7 18. Kb2 d4 19. Na4 Bd8 20. g3 Ra8 21. Re1 Bc4 22. Bxc4 Rxc4 23. Kb3 Rc6 24. Nb2 Rac8 25. f4 Nxe4 26. fxe5 Nf2 27. Rf3 Ng4 28. Nxd4 Rh6 29. h4 g5 30. e6 fxe6 31. Nxe6 Be7 32. Nxg5 Bxg5 33. hxg5 Rhc6 34. Na4 Nh2 35. Rfe3 Ng4 36. Re8+ Rxe8 37. Rxe8+ Kf7 38. Rh8 Kg6 39. Rg8+ Kf5 40. b5 Rg6 41. Rh8 Kxg5 42. Rxh7 Nf6 43. Rxb7 Ne4 44. Rxb6 Rg8 45. Rc6 Kf5 46. Nc5 Rxg3+ 47. Kb4 Nf2 48. a4 Ke5 49. Nd7+ Kd5 50. Nf6+ Ke5 51. Nd7+ Kd5 52. Nb6+ Ke5 53. Rc4 Nd3+ 54. Ka5 Nb2 55. Rc5+ Kd6 56. Rc6+ Ke7 57. Ka6 Ra3 58. a5 Kd8 59. Rc8+ Ke7 60. Rc7+ Kd6 61. Rc2 Nd3 62. Rd2 Kc5 63. Nd7+ Kc4 64. Rxd3 Rxd3 65. Ne5+ Kd4 66. Nxd3 Kxd3 67. Kb7 1-0

[Event "December 19 Late 2023"]
[Site "https://www.chess.com"]
[Date "2023.12.19"]
[Round "5"]
[White "Dobrikov, Marco"]
[Black "Delorme, Axel"]
[Result "0-1"]
[Board "46"]
[TimeControl "180+1"]
[WhiteFideId "12950378"]
[BlackFideId "632023"]
[WhiteElo "2394"]
[BlackElo "2478"]
[WhiteTeam "GER"]
[BlackTeam "FRA"]
[WhiteClock "0:00:31"]
[BlackClock "0:00:23"]

1. c4 e6 2. d4 d5 3. Nf3 c6 4. Nc3 dxc4 5. a4 Bb4 6. e3 b5 7. Bd2 a5 8. b3 Bxc3 9. Bxc3 b4 10. Bd2 c3 11. Bc1 Nf6 12. Bd3 O-O 13. e4 Ba6 14. Bg5 Bxd3 15. Qxd3 h6 16. Bh4 Qc7 17. Bxf6 gxf6 18. Qe3 Kg7 19. h4 Nd7 20. Rh3 Rg8 21. O-O-O Kh7 22. g3 c5 23. dxc5 Nxc5 24. Nd4 Rad8 25. Kc2 Qe5 26. Nc6 Rxd1 27. Nxe5 Rd2+ 28. Qxd2 cxd2 29. Nc4 Nxe4 30. f3 Rd8 31. Ne3 Nf2 32. Rh2 d1=Q+ 33. Nxd1 Nxd1 34. Re2 Nc3 35. Re3 Kg6 36. g4 e5 37. f4 exf4 38. Rf3 Rd4 39. Rf1 f5 40. g5 hxg5 41. Rg1 g4 0-1

[Event "December 19 Late 2023"]
[Site "https://www.chess.com"]
[Date "2023.12.19"]
[Round "5"]
[White "Storn, Justin"]
[Black "Weetik, Vjacheslav"]
[Result "0-1"]
[Board "47"]
[TimeControl "180+1"]
[WhiteFideId "30922720"]
[BlackFideId "4153472"]
[WhiteElo "2428"]
[BlackElo "2469"]
[WhiteTeam "USA"]
[BlackTeam "RUS"]
[WhiteClock "0:00:00"]
[BlackClock "0:00:50"]

1. c4 e6 2. Nc3 d5 3. Nf3 Nf6 4. e3 c5 5. cxd5 exd5 6. d4 a6 7. g3 Nc6 8. Bg2 Bg4 9. h3 Bh5 10. g4 Bg6 11. Ne5 cxd4 12. exd4 Bb4 13. O-O O-O 14. Ne2 Re8 15. f4 Be4 16. Ng3 Qb6 17. Be3 Rad8 18. g5 Bxg2 19. Kxg2 Ne4 20. Nf5 Bf8 21. b3 g6 22. Nh6+ Bxh6 23. gxh6 f6 24. Nd3 Ne7 25. Bg1 Nf5 26. Nc5 Qb5 27. Qc2 b6 28. a4 Qc6 29. Nxa6 Qxc2+ 0-1

[Event "December 19 Late 2023"]
[Site "https://www.chess.com"]
[Date "2023.12.19"]
[Round "5"]
[White "Zhu, Jiner"]
[Black "Obon Temprano, Sergi"]
[Result "1-0"]
[Board "48"]
[TimeControl "180+1"]
[WhiteFideId "8608059"]
[BlackFideId "2226545"]
[WhiteElo "2384"]
[BlackElo "2135"]
[WhiteTeam "CHN"]
[BlackTeam "ESP"]
[WhiteClock "0:02:05"]
[BlackClock "0:02:01"]

1. Nf3 d5 2. g3 Nf6 3. Bg2 c6 4. b3 Bg4 5. Bb2 Nbd7 6. c4 e6 7. O-O Be7 8. d3 O-O 9. Nbd2 h6 10. Rc1 a5 11. a4 Bb4 12. h3 Bxf3 13. Nxf3 Bd6 14. Qc2 Qe7 15. e4 dxe4 16. dxe4 e5 17. Nh4 Bc7 18. Nf5 Qe6 19. Rce1 Rfd8 20. f4 Nf8 21. Qf2 exf4 22. gxf4 Qd7 23. Bxf6 gxf6 24. Nxh6+ Kh7 25. Ng4 Ng6 26. Nxf6+ 1-0

[Event "December 19 Late 2023"]
[Site "https://www.chess.com"]
[Date "2023.12.19"]
[Round "5"]
[White "Wartiovaara, Oliver"]
[Black "FontVella8"]
[Result "1/2-1/2"]
[Board "49"]
[TimeControl "180+1"]
[WhiteFideId "513024"]
[WhiteElo "2214"]
[BlackElo "2816"]
[WhiteTeam "FIN"]
[WhiteClock "0:00:03"]
[BlackClock "0:00:04"]

1. d4 Nf6 2. Nf3 e6 3. e3 c5 4. Bd3 Nc6 5. O-O cxd4 6. exd4 d5 7. c3 Bd6 8. Re1 Qc7 9. Qe2 O-O 10. Ne5 Re8 11. Bf4 Ne7 12. Nd2 Ng6 13. Bg3 a6 14. a4 b6 15. Ndf3 Bb7 16. Ng5 Bxe5 17. dxe5 Nd7 18. Qh5 Ndf8 19. Qg4 h6 20. Nf3 b5 21. h4 bxa4 22. h5 Ne7 23. Rxa4 Nf5 24. Bxf5 exf5 25. Qxf5 Bc8 26. Qd3 Be6 27. Nd4 Qd7 28. Rxa6 Rxa6 29. Qxa6 Bg4 30. b4 Ne6 31. Nxe6 Rxe6 32. Qa8+ Re8 33. Qa5 Bxh5 34. e6 Rxe6 35. Rxe6 Qxe6 36. Qd8+ Kh7 37. b5 Qe1+ 38. Kh2 Qxc3 39. b6 Qc6 40. Qb8 Be2 41. Qa7 Qg6 42. b7 Ba6 43. b8=Q Qh5+ 44. Kg1 Qd1+ 45. Kh2 Qh5+ 46. Kg1 Qd1+ 47. Kh2 Qh5+ 1/2-1/2

[Event "December 19 Late 2023"]
[Site "https://www.chess.com"]
[Date "2023.12.19"]
[Round "5"]
[White "Khlebovich, Alexander"]
[Black "Grutter, Tim"]
[Result "1-0"]
[Board "50"]
[TimeControl "180+1"]
[WhiteFideId "4169123"]
[BlackFideId "1057472"]
[WhiteElo "2334"]
[BlackElo "2303"]
[WhiteTeam "RUS"]
[BlackTeam "NED"]
[WhiteClock "0:00:15"]
[BlackClock "0:00:00"]

1. d4 a6 2. a4 Nf6 3. g3 e6 4. Bg2 c5 5. Nf3 Be7 6. O-O O-O 7. b3 Nc6 8. Bb2 d6 9. Nbd2 Qc7 10. e4 cxd4 11. Nxd4 Bd7 12. Nc4 Rad8 13. a5 Qb8 14. Nb6 Nxd4 15. Qxd4 Bc6 16. c4 Rfe8 17. Rfd1 Bf8 18. h3 Nd7 19. Nxd7 Rxd7 20. b4 Rc8 21. Bf1 Rdd8 22. b5 Be8 23. Qe3 d5 24. exd5 exd5 25. Be5 Qa8 26. bxa6 bxa6 27. cxd5 Rxd5 28. Rxd5 Qxd5 29. Bg2 Qc5 30. Bd4 Qb4 31. Bb6 Bc6 32. Bxc6 Rxc6 33. Rd1 Rc8 34. Qd3 Qa4 35. Re1 Ra8 36. h4 Re8 37. Rxe8 Qxe8 38. Qxa6 h5 39. Qd3 Qc6 40. Be3 Bc5 41. Qc4 Qf3 42. Qxc5 Qd1+ 43. Kh2 Qa1 44. Qb6 Kh7 45. a6 g5 46. hxg5 Qa2 47. Qh6+ Kg8 48. a7 f6 49. gxf6 Qf7 50. Qg7+ 1-0

[Event "December 19 Late 2023"]
[Site "https://www.chess.com"]
[Date "2023.12.19"]
[Round "5"]
[White "Lymar, Vladislav"]
[Black "Postny, Evgeny"]
[Result "1-0"]
[Board "51"]
[TimeControl "180+1"]
[WhiteFideId "14162180"]
[BlackFideId "2804344"]
[WhiteElo "2158"]
[BlackElo "2505"]
[WhiteTeam "UKR"]
[BlackTeam "ISR"]
[WhiteClock "0:00:12"]
[BlackClock "0:00:06"]

1. d4 Nf6 2. Bf4 g6 3. e3 Bg7 4. h3 d6 5. Nf3 O-O 6. Be2 b6 7. c3 Bb7 8. O-O Nbd7 9. a4 Re8 10. a5 e5 11. Bh2 e4 12. Nfd2 h5 13. c4 Nf8 14. Nc3 N8h7 15. c5 d5 16. cxb6 cxb6 17. Nb5 Re7 18. Qb3 bxa5 19. Rfc1 Ne8 20. Qa3 a6 21. Nc3 Re6 22. Nb3 Qg5 23. Nc5 Rb6 24. Qxa5 Rxb2 25. N5a4 Rb3 26. Bd1 Rxc3 27. Rxc3 Bc8 28. Bf4 Qh4 29. Rac1 Bxh3 30. gxh3 Qxh3 31. Qxd5 Ra7 32. Qxe4 Nhf6 33. Qg2 Qf5 34. Bf3 Kh7 35. Rc5 Qd3 36. Nb6 Bf8 37. Rc8 Bd6 38. Be5 Re7 39. Nd5 Nxd5 40. Bxd5 Qf5 41. Rxe8 Rxe8 42. Bxd6 Rd8 43. Rc7 Qb1+ 44. Kh2 Rxd6 45. Rxf7+ Kh6 46. Be4 Qb8 47. Qg3 Qd8 48. Qf4+ g5 49. Rh7# 1-0